 Dungeon Sprint DCSS version 0.30.0-15-g856e2d3f33 (webtiles) character file.

Game seed: 7370571209446437011

28100000 GloriousHammer the Axe Maniac (level 27, -3/228 HPs)
             Began as a Djinni Warper on May 20, 2023.
             Was the Champion of Makhleb.
             Slain by a vile
             ... wielding a +0 flail
              (26 damage)
             ... in the Dungeon (Sprint VIII: "Arena of Blood").
             The game lasted 00:09:11 (281 turns).

GloriousHammer the Axe Maniac (Djinni Warper)        Turns: 281, Time: 00:09:12

Health: -3/228     AC:  6    Str: 10    XL:     27
Gold:   0          EV: 37    Int: 16    God:    Makhleb [******] SH:  0 Dex: 26

rFire   + + +        i - +∞ Axe of Woe
rCold   x . .        (shield currently unavailable)
rNeg    . . .        b - +0 leather armour
rPois   ∞            (no helmet)
rElec   .            (no cloak)
rCorr   .            (no gloves)
SInv    +            (boots unavailable)
Will    ++...        (no amulet)
Stlth   ++++         F - ring of protection from fire
HPRegen 0.58/turn    v - ring of see invisible
MPRegen 0.00/turn

%: no teleportation, infuse magic (-4 HP)
@: confused, flying
A: sickness immunity, fire resistance 2, cold vulnerability 1, float, innate
caster, HP casting, extra vitality 1
a: Renounce Religion, Minor Destruction, Lesser Servant of Makhleb, Major
Destruction, Greater Servant of Makhleb


You were in the Dungeon.
You worshipped Makhleb.
Makhleb was exalted by your worship.
You visited 1 branch

Inventory:

Hand Weapons
 a - a +0 hand axe
 i - the +∞ Axe of Woe (weapon)
   (You found it in the Dungeon)
Missiles
 d - 7 boomerangs of dispersal (quivered)
Armour
 b - a +0 leather armour (worn)
Jewellery
 v - a ring of see invisible (right hand)
 F - a ring of protection from fire (left hand)
 Y - a +30 ring of slaying
Scrolls
 c - 2 scrolls of blinking
Potions
 f - a potion of heal wounds
 g - a potion of haste
 h - a potion of berserk rage


   Skills:
 O Level 27 Fighting
 O Level 27 Short Blades
 O Level 27 Long Blades
 O Level 27 Axes
 O Level 27 Maces & Flails
 O Level 27 Polearms
 O Level 27 Staves
 O Level 27 Ranged Weapons
 O Level 27 Throwing
 O Level 27 Armour
 O Level 27 Dodging
 O Level 27 Stealth
 O Level 27 Shields
 O Level 27 Unarmed Combat
 O Level 27 Spellcasting
 O Level 27 Invocations
 O Level 27 Evocations


You knew the following spells:

 Your Spells              Type           Power      Damage    Failure   Level
a - Manifold Assault      Tloc           82%        N/A       0%          4
b - Lesser Beckoning      Tloc           100%       N/A       0%          2
c - Vhi's Electric Charg  Tloc/Air       100%       N/A       0%          3
d - Teleport Other        Tloc           82%        N/A       0%          3
e - Blink                 Tloc           100%       N/A       0%          2
f - Foxfire               Conj/Fire      100%       2x1d9     0%          1
g - Ensorcelled Hibernat  Hex/Ice        100%       N/A       0%          2
h - Inner Flame           Hex/Fire       82%        N/A       0%          3
i - Summon Guardian Gole  Hex/Summ       82%        N/A       0%          3
j - Summon Lightning Spi  Summ/Air       82%        N/A       0%          4
k - Blade Hands           Tmut           41%        N/A       0%          5
l - Dispersal             Tloc           41%        N/A       0%          6
m - Malign Gateway        Summ/Tloc      41%        N/A       1%          7
n - Statue Form           Tmut/Erth      54%        N/A       0%          6
o - Summon Horrible Thin  Summ           41%        N/A       1%          8
p - Ozocubu's Refrigerat  Ice            41%        4d16      1%          7
q - Chain Lightning       Conj/Air       41%        3d54      2%          9
r - Death's Door          Necr           41%        N/A       2%          9
Your spell library was empty.

Dungeon Overview and Level Annotations

Branches:
Dungeon (1/1)

Altars:
Makhleb


Innate Abilities, Weirdness & Mutations

You are immune to sickness and miasma.
You are immune to poison.
Your flesh is very heat resistant. (rF++)
You are vulnerable to cold. (rC-)
You float through the air rather than walking.
You learn spells naturally, not from books.
Your magical power is your life essence.
You have superior vitality. (+4 MHP)


Message History

You feel better.
You slice the fleshlord!!
You pulverise the fleshlord into a thin bloody mist.
You kill the fleshlord!
Makhleb accepts your kill.
A meat beast comes into view.
You hear a shout! x3
Casting: Manifold Assault (safe; 0% risk of failure)
Confirm with . or Enter, or press ? or * to list all spells.
Space momentarily warps into an impossible shape!
You slash the meat beast!
You slaughter the meat beast joyfully.
You kill the meat beast!
Makhleb accepts your kill.
You feel better.
You feel yourself speed up.
You hear a shout!
A meat berserker comes into view. It is wielding a +9 battleaxe.
You hear a shout! x4
A wretched soul comes into view.
You hear a shout!
Casting: Manifold Assault (safe; 0% risk of failure)
Confirm with . or Enter, or press ? or * to list all spells.
Space momentarily warps into an impossible shape!
You slice the wretched soul!!
You cleave the wretched soul in twain.
You destroy the wretched soul!
Makhleb accepts your kill.
You feel better.
You hit the meat berserker but do no damage.
You butcher the meat berserker messily.
You kill the meat berserker!
Makhleb accepts your kill.
An observer comes into view.
You hear a shout! x6
A wretched soul comes into view.
Casting: Manifold Assault (safe; 0% risk of failure)
Confirm with . or Enter, or press ? or * to list all spells.
Space momentarily warps into an impossible shape!
You hit the wretched soul.
You hew the wretched soul savagely.
You destroy the wretched soul!
Makhleb accepts your kill.
You feel better.
You slice the observer!!
You slaughter the observer joyfully.
You kill the observer!
Makhleb accepts your kill.
A scourge comes into view.
Casting: Manifold Assault (safe; 0% risk of failure)
Confirm with . or Enter, or press ? or * to list all spells.
Space momentarily warps into an impossible shape!
The scourge hisses angrily.
You slice the scourge!!
You fatally mangle the scourge.
You kill the scourge!
Makhleb accepts your kill.
You feel better.
You hear a shout! x3
A bag of meat comes into view. It is wielding a +9 war axe.
You hear a shout! x3
Search for what [Enter for "orb", or ? for help]? zot Can't find anything matching that. 2 eight-headed meat hydras, a bag of meat, a wretched soul and a dread come into view.
A vile comes into view. It is wielding a +2 heavy mace.
A bag of meat comes into view. It is wielding a +9 war axe.
You hear a shout!
The bag of meat moves out of view.
You hear a shout!
Items here: )) == ÷.
Casting: Manifold Assault (safe; 0% risk of failure)
Confirm with . or Enter, or press ? or * to list all spells.
Space momentarily warps into an impossible shape!
The bag of meat shouts!
The eight-headed meat hydra roars!
You slice one of the eight-headed meat hydra's heads off!
The seven-headed meat hydra grows two more!
You slash the nine-headed meat hydra!
You butcher the nine-headed meat hydra messily.
You kill the nine-headed meat hydra!
Makhleb accepts your kill.
You feel better.
You hit the wretched soul.
You hew the wretched soul savagely.
You destroy the wretched soul!
Makhleb accepts your kill.
You hit the dread.
You butcher the dread messily.
You destroy the dread!
Makhleb accepts your kill.
You hear a croak.
You hear a shout! x3
A dread comes into view.
A bag of meat comes into view. It is wielding a +9 war axe. x2
A dread comes into view.
You hear a shout!
A dread comes into view.
A large bag of meat comes into view. It is wielding a +9 giant spiked club.
Casting: Manifold Assault (safe; 0% risk of failure)
Confirm with . or Enter, or press ? or * to list all spells.
Space momentarily warps into an impossible shape!
The bag of meat shouts!
The large bag of meat shouts in stereo!
The bag of meat shouts!
You slice the dread!!
You hew the dread savagely.
You destroy the dread!
Makhleb accepts your kill.
You feel better.
You hit the dread but do no damage.
You hew the dread savagely.
You destroy the dread!
Makhleb accepts your kill.
You slice the dread like a ripe choko!!!
You butcher the dread messily.
You destroy the dread!
Makhleb accepts your kill.
The vile appears out of thin air!
A vile comes into view. It is wielding a +0 flail.
You hear an angry hiss.
You hear a shout!
You hear a roar!
You hear a shout!
You are confused.
A wretched soul comes into view.
The eight-headed meat hydra calls on the powers of darkness!
The eight-headed meat hydra convulses!
Your body is wracked with pain!
A vile comes into view. It is wielding a +0 dire flail.
You hear a shout!
A scourge comes into view.
A bag of meat comes into view. It is wielding a +9 war axe.
An eight-headed meat hydra comes into view.
You feel better.
The vile appears out of thin air!
A vile comes into view. It is wielding a +0 mace.
The bag of meat shouts!
You hear a shout! x2
You barely resist.
You hear a shout!
The eight-headed meat hydra calls on the powers of darkness!
The eight-headed meat hydra convulses!
The bag of meat convulses!
Your body is wracked with pain!
* * * LOW HITPOINT WARNING * * *
The bag of meat convulses!
You hear a shout!
A bag of meat comes into view. It is wielding a +9 war axe.
You hear two shouts!
Casting: Manifold Assault (safe; 0% risk of failure)
Confirm with . or Enter, or press ? or * to list all spells.
Space momentarily warps into an impossible shape!
You hit the bag of meat.
You dissect the bag of meat like a pig carcass.
You kill the bag of meat!
Makhleb accepts your kill.
You feel better.
You hit the bag of meat.
You fatally mangle the bag of meat.
You kill the bag of meat!
Makhleb accepts your kill.
You feel better.
You slice the vile!!
You dissect the vile like a pig carcass.
You destroy the vile!
Makhleb accepts your kill.
You feel better.
You slice the bag of meat!!
You dissect the bag of meat like a pig carcass.
You kill the bag of meat!
Makhleb accepts your kill.
You feel better.
You hear a shout! x3
You are confused.
You hear a shout! x3
Okay, then.
You're too confused to cast spells.
The vile appears out of thin air!
A vile comes into view. It is wielding a +0 morningstar.
A vile comes into view. It is wielding a +0 mace.
A vile comes into view. It is wielding a +0 flail.
The eight-headed meat hydra calls on the powers of darkness!
The eight-headed meat hydra convulses!
The bag of meat convulses! x2
Your body is wracked with pain!
The eight-headed meat hydra convulses!
You barely resist.
You hear a shout!
A vile comes into view. It is wielding a +0 mace.
Unknown command.
You hear a shout! x2
A large bag of meat comes into view. It is wielding a +9 giant spiked club.
You barely resist.
A dread comes into view.
You hear a shout!
The eight-headed meat hydra calls on the powers of darkness!
The eight-headed meat hydra convulses!
The bag of meat convulses!
The scourge convulses!
The large bag of meat convulses!
Flame seeps out of the large bag of meat.
The large bag of meat convulses!
Flame seeps out of the large bag of meat.
Your body is wracked with pain!
* * * LOW HITPOINT WARNING * * *
The large bag of meat is engulfed in blazing flames.
You're too confused to attack without stumbling around!
A wretched soul and an observer come into view.
You barely resist.
A scourge comes into view.
The large bag of meat is engulfed in blazing flames.
The scourge breathes poison at you. The blast of poison misses you.
A large bag of meat comes into view. It is wielding a +9 giant spiked club.
The eight-headed meat hydra calls on the powers of darkness!
The eight-headed meat hydra convulses!
The bag of meat convulses!
Your body is wracked with pain!
* * * LOW HITPOINT WARNING * * *
The bag of meat convulses! x2; The scourge convulses!
The scourge hisses angrily.
The large bag of meat convulses!
The large bag of meat shouts in stereo!
Flame seeps out of the large bag of meat.
You are more confused.
You are more confused.
You hear a shout!
The vile hits you with a +0 flail.
* * * LOW HITPOINT WARNING * * *
You are engulfed in flames!!
You resist.
You die...

......#)...†).).......)).
.))))..#..).)).))).)#.)..
.)†..))#).)†.))))..))..))
.)###)))#))))).)....)...
### .†.))#.)........))).
..)..).))....9...9.).)).
.))#)....)......☼)))))).
.)))#..).).†.#.§§§)o..).
.)))..)#)).)..)9@9o.oD).
)).)#..○)))#)#☼§§§...#)..
)))...)§)§.).S)D###W.O○S.
#)))).).#.)9Oo..._..)9.†.
#)))..#.)).○.)#).)..#....
.###)))).)).9W#_.<._#).O.
##.)))#)..W..)#.....# ..
.))).)..#...)...._.....
..)).))....)....###......


You could see 2 eight-headed meat hydras, 2 scourges, 3 large bags of meat, a
dread (wandering), 7 viles, 2 wretched souls and 4 bags of meat.

Vanquished Creatures
  35 molten gargoyles (D)
  34 hell knights (D)
  14 hell beasts (D)
  15 royal mummies (D)
  27 great orbs of eyes (D)
  30 wraiths (D)
  Harold (D)
  21 vampire knights (D)
  58 ogres (D)
  9 two-headed ogres (D)
  12 liches (D)
  38 hydras (D)
  25 phantoms (D)
  115 orcs (D)
  11 skeletal warriors (D)
  18 sea snakes (D)
463 creatures vanquished.

Notes
Turn   | Place    | Note
-------+----------+-------------------------------------------
     0 | D        | Found the +∞ Axe of Woe
     0 | D        | GloriousHammer the Djinni Warper began the quest for the
                  | Orb.
     0 | D        | GloriousHammer set off with the following spells memorised:
                  | Blink, Lesser Beckoning, Vhi's Electric Charge, Teleport
                  | Other, Manifold Assault.
     0 | D        | Reached XP level 1. HP: 18/18 MP: 0/0
     2 | D        | Noticed a bag of meat
     3 | D        | Became a worshipper of Makhleb the Destroyer
     6 | D        | Noticed a meat berserker
     7 | D        | Killed a bag of meat
     8 | D        | Reached skill level 15 in Axes
     8 | D        | Reached XP level 2. HP: 23/23 MP: 0/0
     8 | D        | Reached XP level 3. HP: 28/28 MP: 0/0
     8 | D        | Learned a level 1 spell: Foxfire
     8 | D        | Reached XP level 4. HP: 33/33 MP: 0/0
     8 | D        | Reached XP level 5. HP: 38/38 MP: 0/0
     8 | D        | Learned a level 2 spell: Ensorcelled Hibernation
     8 | D        | Reached XP level 6. HP: 43/43 MP: 0/0
     8 | D        | Reached XP level 7. HP: 49/49 MP: 0/0
     8 | D        | Learned a level 3 spell: Inner Flame
     8 | D        | Reached XP level 8. HP: 54/54 MP: 0/0
     8 | D        | Reached XP level 9. HP: 58/58 MP: 0/0
     8 | D        | Learned a level 3 spell: Summon Guardian Golem
     8 | D        | Reached XP level 10. HP: 64/64 MP: 0/0
     8 | D        | Reached XP level 11. HP: 68/68 MP: 0/0
     8 | D        | Learned a level 4 spell: Summon Lightning Spire
     8 | D        | Killed a meat berserker
     8 | D        | Reached * piety under Makhleb
     9 | D        | Reached XP level 12. HP: 74/74 MP: 0/0
     9 | D        | Reached XP level 13. HP: 78/78 MP: 0/0
     9 | D        | Learned a level 5 spell: Blade Hands
     9 | D        | Noticed a meat berserker
    10 | D        | Noticed a bag of meat
    10 | D        | Noticed a bag of meat
    10 | D        | Noticed a bag of meat
    11 | D        | Killed a bag of meat
    11 | D        | Killed a meat berserker
    11 | D        | Killed a bag of meat
    11 | D        | Reached ** piety under Makhleb
    11 | D        | Killed a bag of meat
    11 | D        | Noticed a meat berserker
    11 | D        | Noticed a bag of meat
    12 | D        | Reached XP level 14. HP: 85/85 MP: 0/0
    12 | D        | Reached XP level 15. HP: 89/89 MP: 0/0
    12 | D        | Learned a level 6 spell: Dispersal
    12 | D        | Noticed a meat berserker
    13 | D        | Reached *** piety under Makhleb
    13 | D        | Killed a meat berserker
    13 | D        | Noticed a meat berserker
    14 | D        | Reached XP level 16. HP: 94/94 MP: 0/0
    14 | D        | Killed a meat berserker
    14 | D        | Reached **** piety under Makhleb
    15 | D        | Reached skill level 27 in Axes
    15 | D        | Reached skill level 27 in Spellcasting
    15 | D        | Reached XP level 17. HP: 112/112 MP: 0/0
    15 | D        | Learned a level 7 spell: Malign Gateway
    16 | D        | Killed a meat berserker
    16 | D        | Reached ***** piety under Makhleb
    17 | D        | Reached skill level 10 in Invocations
    18 | D        | Noticed a destroyer
    19 | D        | Reached skill level 15 in Fighting
    19 | D        | Reached skill level 15 in Armour
    19 | D        | Reached XP level 18. HP: 139/139 MP: 0/0
    19 | D        | Noticed a meat berserker
    20 | D        | Killed a meat berserker
    20 | D        | Killed a destroyer
    21 | D        | Reached XP level 19. HP: 157/157 MP: 0/0
    21 | D        | Learned a level 6 spell: Statue Form
    21 | D        | Reached ****** piety under Makhleb
    21 | D        | Noticed a large bag of meat
    21 | D        | Noticed a meat berserker
    21 | D        | Noticed a meat berserker
    22 | D        | Killed a meat berserker
    22 | D        | Killed a large bag of meat
    22 | D        | Killed a meat berserker
    23 | D        | Reached XP level 20. HP: 174/174 MP: 0/0
    23 | D        | Noticed a meat berserker
    23 | D        | Noticed a meat berserker
    24 | D        | Killed a meat berserker
    24 | D        | Killed a meat berserker
    24 | D        | Noticed a meat berserker
    25 | D        | Reached skill level 27 in Fighting
    25 | D        | Reached skill level 27 in Armour
    25 | D        | Reached skill level 27 in Dodging
    25 | D        | Reached skill level 27 in Invocations
    25 | D        | Reached XP level 21. HP: 187/187 MP: 0/0
    25 | D        | Learned a level 8 spell: Summon Horrible Things
    25 | D        | Killed a meat berserker
    25 | D        | Noticed a large bag of meat
    27 | D        | Noticed a meat berserker
    28 | D        | Reached XP level 22. HP: 194/194 MP: 0/0
    28 | D        | Killed a meat berserker
    28 | D        | Killed a large bag of meat
    28 | D        | Noticed a destroyer
    29 | D        | Noticed a meat berserker
    31 | D        | Killed a meat berserker
    31 | D        | Noticed a meat berserker
    32 | D        | Reached skill level 27 in Unarmed Combat
    32 | D        | Reached XP level 23. HP: 201/201 MP: 0/0
    32 | D        | Learned a level 7 spell: Ozocubu's Refrigeration
    33 | D        | Reached skill level 27 in Stealth
    33 | D        | Noticed a destroyer
    33 | D        | Noticed a destroyer
    34 | D        | Noticed a destroyer
    34 | D        | Killed a destroyer
    34 | D        | Noticed a large bag of meat
    35 | D        | Reached skill level 27 in Throwing
    35 | D        | Reached skill level 10 in Maces & Flails
    35 | D        | Reached skill level 10 in Polearms
    35 | D        | Reached XP level 24. HP: 208/208 MP: 0/0
    36 | D        | Killed a destroyer
    37 | D        | Reached XP level 25. HP: 214/214 MP: 0/0
    37 | D        | Learned a level 9 spell: Chain Lightning
    37 | D        | Killed a destroyer
    38 | D        | Killed a large bag of meat
    38 | D        | Noticed a large bag of meat
    39 | D        | Reached skill level 27 in Maces & Flails
    39 | D        | Reached skill level 27 in Polearms
    39 | D        | Noticed a destroyer
    39 | D        | Noticed a destroyer
    41 | D        | Reached skill level 27 in Staves
    41 | D        | Reached XP level 26. HP: 221/221 MP: 0/0
    41 | D        | Killed a destroyer
    41 | D        | Noticed a large bag of meat
    42 | D        | Reached skill level 10 in Short Blades
    42 | D        | Reached skill level 10 in Long Blades
    42 | D        | Killed a destroyer
    42 | D        | Noticed a destroyer
    43 | D        | Killed a destroyer
    43 | D        | Noticed a tyrant
    43 | D        | Noticed a tyrant
    43 | D        | Noticed a destroyer
    44 | D        | Reached skill level 15 in Short Blades
    44 | D        | Reached skill level 15 in Long Blades
    44 | D        | Reached XP level 27. HP: 228/228 MP: 0/0
    44 | D        | Learned a level 9 spell: Death's Door
    44 | D        | Killed a large bag of meat
    45 | D        | Killed a destroyer
    47 | D        | Killed a destroyer
    48 | D        | Killed a tyrant
    48 | D        | Killed a large bag of meat
    49 | D        | Noticed an accursed
    49 | D        | Killed a tyrant
    50 | D        | Killed an accursed
    50 | D        | Noticed an accursed
    51 | D        | Reached skill level 27 in Shields
    51 | D        | Reached skill level 27 in Evocations
    51 | D        | Noticed a destroyer
    52 | D        | Reached skill level 27 in Short Blades
    52 | D        | Reached skill level 27 in Long Blades
    52 | D        | Reached skill level 27 in Ranged Weapons
    52 | D        | Noticed a destroyer
    53 | D        | Killed an accursed
    53 | D        | Killed a destroyer
    57 | D        | Killed a destroyer
    58 | D        | Noticed a tyrant
    59 | D        | Noticed a meat beast
    59 | D        | Killed a tyrant
    59 | D        | Killed a meat beast
    59 | D        | Noticed an accursed
    60 | D        | Noticed a dread
    61 | D        | Killed a dread
    61 | D        | Killed an accursed
    61 | D        | Noticed an accursed
    61 | D        | Noticed a large bag of meat
    62 | D        | Killed an accursed
    62 | D        | Killed a large bag of meat
    63 | D        | Noticed a dread
    64 | D        | Killed a dread
    65 | D        | Noticed a dread
    65 | D        | Killed a dread
    65 | D        | Noticed a meat beast
    78 | D        | Noticed an accursed
    78 | D        | Noticed a tyrant
    79 | D        | Killed an accursed
    79 | D        | Killed a tyrant
    79 | D        | Noticed The Servant
    80 | D        | Noticed a meat beast
    80 | D        | Killed a meat beast
    80 | D        | Killed The Servant
    81 | D        | Killed a meat beast
    81 | D        | Noticed a tyrant
    81 | D        | Noticed a destroyer
    81 | D        | Noticed a tyrant
    82 | D        | Killed a tyrant
    82 | D        | Killed a destroyer
    82 | D        | Noticed a dread
    83 | D        | Killed a tyrant
    83 | D        | Killed a dread
    87 | D        | Noticed a tyrant
    87 | D        | Killed a tyrant
    90 | D        | Noticed an accursed
    91 | D        | Killed an accursed
    98 | D        | Noticed a dread
    99 | D        | Killed a dread
   100 | D        | Noticed a meat beast
   101 | D        | Killed a meat beast
   103 | D        | Noticed a dread
   104 | D        | Killed a dread
   104 | D        | Noticed a tyrant
   105 | D        | Killed a tyrant
   106 | D        | Noticed a dread
   107 | D        | Killed a dread
   108 | D        | Noticed a dread
   108 | D        | Noticed a meat beast
   109 | D        | Killed a meat beast
   110 | D        | Noticed a tyrant
   111 | D        | Killed a tyrant
   113 | D        | Noticed a fleshlord
   114 | D        | Killed a fleshlord
   117 | D        | Noticed a large bag of meat
   119 | D        | Noticed a destroyer
   121 | D        | Killed a large bag of meat
   122 | D        | Killed a destroyer
   122 | D        | Noticed a fleshlord
   123 | D        | Killed a fleshlord
   123 | D        | Killed a dread
   124 | D        | Noticed a fleshlord
   125 | D        | Killed a fleshlord
   132 | D        | Noticed a destroyer
   132 | D        | Noticed a meat beast
   132 | D        | Noticed a fleshlord
   132 | D        | Noticed a large bag of meat
   133 | D        | Killed a fleshlord
   133 | D        | Killed a large bag of meat
   135 | D        | Killed a destroyer
   136 | D        | Noticed a meat beast
   136 | D        | Killed a meat beast
   139 | D        | Noticed a dread
   139 | D        | Killed a dread
   140 | D        | Noticed a tyrant
   141 | D        | Killed a tyrant
   143 | D        | Noticed a fleshlord
   143 | D        | Noticed an accursed
   144 | D        | Killed an accursed
   144 | D        | Noticed an accursed
   145 | D        | Killed an accursed
   145 | D        | Noticed a fleshlord
   146 | D        | Killed a fleshlord
   146 | D        | Killed a fleshlord
   147 | D        | Noticed a fleshlord
   148 | D        | Killed a fleshlord
   149 | D        | Noticed an accursed
   150 | D        | Noticed a dread
   150 | D        | Noticed a meat beast
   151 | D        | Killed a meat beast
   151 | D        | Killed an accursed
   153 | D        | Killed a dread
   155 | D        | Killed a meat beast
   161 | D        | Noticed a fleshlord
   163 | D        | Killed a fleshlord
   170 | D        | Noticed a meat beast
   171 | D        | Noticed a dread
   172 | D        | Killed a meat beast
   172 | D        | Killed a dread
   182 | D        | Noticed a dread
   183 | D        | Noticed a fleshlord
   183 | D        | Killed a fleshlord
   183 | D        | Killed a dread
   189 | D        | Noticed a destroyer
   190 | D        | Noticed a fleshlord
   190 | D        | Noticed a fleshlord
   191 | D        | Killed a fleshlord
   191 | D        | Killed a fleshlord
   192 | D        | Killed a destroyer
   193 | D        | Noticed a fleshlord
   194 | D        | Killed a fleshlord
   196 | D        | Noticed a dread
   196 | D        | Killed a dread
   196 | D        | Noticed an accursed
   197 | D        | Noticed a dread
   199 | D        | Killed an accursed
   200 | D        | Killed a dread
   202 | D        | Noticed a destroyer
   202 | D        | Noticed a tyrant
   203 | D        | Killed a tyrant
   203 | D        | Killed a destroyer
   203 | D        | Noticed a destroyer
   204 | D        | Killed a destroyer
   204 | D        | Noticed a meat beast
   205 | D        | Killed a meat beast
   206 | D        | Noticed a vile
   206 | D        | Killed a vile
   206 | D        | Noticed an accursed
   206 | D        | Noticed a fleshlord
   207 | D        | Killed a fleshlord
   207 | D        | Killed an accursed
   208 | D        | Noticed a destroyer
   209 | D        | Noticed a fleshlord
   209 | D        | Killed a destroyer
   209 | D        | Killed a fleshlord
   210 | D        | Noticed a fleshlord
   210 | D        | Killed a fleshlord
   210 | D        | Noticed a meat beast
   211 | D        | Killed a meat beast
   211 | D        | Noticed a fleshlord
   211 | D        | Noticed a dread
   212 | D        | Noticed a vile
   212 | D        | Killed a fleshlord
   212 | D        | Killed a vile
   212 | D        | Killed a dread
   213 | D        | Noticed a vile
   213 | D        | Killed a vile
   214 | D        | Noticed a vile
   214 | D        | Killed a vile
   214 | D        | Noticed a tyrant
   215 | D        | Noticed a vile
   215 | D        | Killed a tyrant
   215 | D        | Killed a vile
   216 | D        | Noticed a fleshlord
   217 | D        | Killed a fleshlord
   217 | D        | Noticed a vile
   218 | D        | Killed a vile
   218 | D        | Noticed a vile
   219 | D        | Killed a vile
   219 | D        | Noticed an accursed
   219 | D        | Noticed a fleshlord
   219 | D        | Noticed a fleshlord
   220 | D        | Killed a fleshlord
   220 | D        | Killed a fleshlord
   220 | D        | Noticed a fleshlord
   220 | D        | Noticed a fleshlord
   221 | D        | Killed an accursed
   221 | D        | Killed a fleshlord
   221 | D        | Noticed a fleshlord
   221 | D        | Noticed a fleshlord
   222 | D        | Killed a fleshlord
   222 | D        | Killed a fleshlord
   222 | D        | Noticed a destroyer
   223 | D        | Noticed a destroyer
   224 | D        | Noticed a vile
   224 | D        | Killed a destroyer
   224 | D        | Killed a fleshlord
   224 | D        | Noticed a meat beast
   224 | D        | Noticed a fleshlord
   224 | D        | Noticed a fleshlord
   224 | D        | Noticed a fleshlord
   225 | D        | Killed a destroyer
   225 | D        | Killed a fleshlord
   225 | D        | Killed a vile
   225 | D        | Noticed a large bag of meat
   225 | D        | Noticed a fleshlord
   226 | D        | Noticed a destroyer
   226 | D        | Killed a large bag of meat
   226 | D        | Killed a meat beast
   226 | D        | Killed a fleshlord
   226 | D        | Killed a fleshlord
   227 | D        | Killed a destroyer
   227 | D        | Killed a fleshlord
   227 | D        | Noticed a fleshlord
   227 | D        | Noticed a vile
   228 | D        | Noticed a fleshlord
   228 | D        | Killed a fleshlord
   228 | D        | Killed a vile
   228 | D        | Killed a fleshlord
   229 | D        | Noticed a fleshlord
   229 | D        | Noticed a vile
   229 | D        | Killed a vile
   229 | D        | Killed a fleshlord
   231 | D        | Noticed a dread
   231 | D        | Noticed a dread
   232 | D        | Killed a dread
   232 | D        | Killed a dread
   233 | D        | Noticed a fleshlord
   234 | D        | Killed a fleshlord
   235 | D        | Noticed a vile
   237 | D        | Killed a vile
   237 | D        | Noticed a vile
   237 | D        | Noticed an accursed
   238 | D        | Noticed a fleshlord
   238 | D        | Killed an accursed
   238 | D        | Killed a vile
   238 | D        | Killed a fleshlord
   238 | D        | Noticed a dread
   240 | D        | Noticed a vile
   240 | D        | Killed a dread
   240 | D        | Killed a vile
   241 | D        | Noticed a meat beast
   241 | D        | Noticed a vile
   241 | D        | Noticed a dread
   243 | D        | Killed a vile
   243 | D        | Killed a dread
   243 | D        | Noticed a meat beast
   244 | D        | Killed a meat beast
   244 | D        | Noticed a vile
   245 | D        | Noticed a dread
   245 | D        | Killed a vile
   245 | D        | Killed a dread
   246 | D        | Noticed a vile
   247 | D        | Killed a vile
   247 | D        | Noticed a dread
   248 | D        | Noticed a vile
   248 | D        | Killed a dread
   248 | D        | Killed a vile
   248 | D        | Noticed a vile
   248 | D        | Noticed an accursed
   249 | D        | Noticed a vile
   249 | D        | Killed a vile
   249 | D        | Killed a vile
   250 | D        | Killed an accursed
   251 | D        | Noticed a dread
   252 | D        | Killed a dread
   252 | D        | Noticed a vile
   253 | D        | Killed a vile
   254 | D        | Noticed a vile
   254 | D        | Killed a vile
   255 | D        | Noticed a vile
   255 | D        | Killed a vile
   256 | D        | Noticed a vile
   256 | D        | Killed a vile
   256 | D        | Noticed a dread
   256 | D        | Noticed a dread
   257 | D        | Noticed a vile
   257 | D        | Noticed a vile
   257 | D        | Killed a dread
   257 | D        | Killed a vile
   257 | D        | Killed a vile
   257 | D        | Noticed a dread
   258 | D        | Killed a dread
   258 | D        | Killed a dread
   258 | D        | Noticed a fleshlord
   259 | D        | Noticed a vile
   259 | D        | Killed a fleshlord
   259 | D        | Killed a vile
   259 | D        | Noticed an accursed
   260 | D        | Noticed a vile
   260 | D        | Noticed a vile
   260 | D        | Killed an accursed
   260 | D        | Killed a vile
   260 | D        | Killed a vile
   260 | D        | Noticed a dread
   261 | D        | Killed a dread
   262 | D        | Noticed a vile
   263 | D        | Killed a vile
   264 | D        | Noticed a vile
   264 | D        | Killed a vile
   265 | D        | Noticed a vile
   265 | D        | Killed a vile
   266 | D        | Noticed a vile
   266 | D        | Killed a vile
   268 | D        | Noticed a vile
   268 | D        | Killed a vile
   268 | D        | Noticed a vile
   268 | D        | Noticed a fleshlord
   269 | D        | Killed a vile
   269 | D        | Killed a fleshlord
   269 | D        | Noticed a meat beast
   270 | D        | Killed a meat beast
   274 | D        | Noticed a dread
   274 | D        | Noticed a vile
   275 | D        | Killed a dread
   275 | D        | Noticed a dread
   275 | D        | Noticed a dread
   275 | D        | Noticed a dread
   276 | D        | Noticed a large bag of meat
   276 | D        | Killed a dread
   276 | D        | Killed a dread
   276 | D        | Killed a dread
   276 | D        | Noticed a vile
   277 | D        | Noticed a vile
   278 | D        | Noticed a vile
   278 | D        | Killed a vile
   279 | D        | Noticed a vile
   279 | D        | Noticed a vile
   279 | D        | Noticed a vile
   280 | D        | Noticed a vile
   280 | D        | Noticed a large bag of meat
   280 | D        | Noticed a dread
   281 | D        | Noticed a large bag of meat
   281 | D        | Slain by a vile

Illustrated notes

Levels and vault maps discovered:
D:        meatsprint

Skill      XL: |  1  2  3  4  5  6  7  8  9 10 11 12 13 14 15 16 17 18 19 20 21 22 23 24 25 26 27 |
---------------+----------------------------------------------------------------------------------+-----
Axes           | 15 19 23 26 27 | 27.0
Spellcasting   | 14 18 22 24 27 | 27.0
Fighting       | 7 15 20 24 27 | 27.0
Armour         | 6 15 20 24 27 | 27.0
Dodging        | 7 17 21 26 27 | 27.0
Invocations    | 14 19 23 27 | 27.0
Throwing       | 4 16 23 27 | 27.0
Stealth        | 4 17 25 27 | 27.0
Unarmed Combat | 4 18 27 | 27.0
Maces & Flails | 10 22 27 | 27.0
Polearms       | 10 22 27 | 27.0
Staves         | 27 | 27.0
Short Blades   | 3 15 27 | 27.0
Long Blades    | 3 15 27 | 27.0
Ranged Weapons | 3 14 27 | 27.0
Shields        | 4 16 27 | 27.0
Evocations     | 4 16 27 | 27.0

Action                     |  1- 3 |  4- 6 |  7- 9 | 10-12 | 13-15 | 16-18 | 19-21 | 22-24 | 25-27 || total
---------------------------+-------+-------+-------+-------+-------+-------+-------+-------+-------++-------
  Melee: Executioner's axe |     1 |       |       |     1 |     7 |    13 |    17 |    22 |   397 ||   458
   Cast: Manifold Assault  |       |       |       |       |     2 |     4 |     5 |     6 |   156 ||   173
    Use: Potion            |       |       |       |       |       |       |       |       |     1 ||     1
 Armour: Leather armour    |       |       |       |       |       |       |       |       |     2 ||     2
  Dodge: Dodged            |       |       |       |       |       |       |       |       |    13 ||    13
